Map: Simulacrum LE

Players

zantick

  • Race: Zerg Zerg
  • Spawn Location: 11:00

Ratl - Winner!

  • Race: Protoss Protoss
  • League: Silver
  • Spawn Location: 5:00

VOD

Have the link to the VOD?

Description

Time

  • Played on: Feb. 11, 2020, 7:08 p.m.
  • Length: 12:56
Show
View Real Time Build Order
Export as new Build Order

zantick Zerg 

Build Orders: Hatch First 

Get SALT Encoding   

  12  0:19  Overlord x2  
  12  0:25  Drone  
  13  0:35  Drone  
  14  0:41  Drone  
  15  0:52  Drone  
  16  1:10  Drone  
  17  1:11  Hatchery  
  17  1:15  Drone  
  16  1:38  Drone x2  
  18  1:43  Extractor  
  18  1:46  Spawning Pool  
  16  2:00  Drone x2  
  18  2:10  Drone  
  19  2:20  Drone  
  20  2:28  Drone  
  21  2:31  Overlord  
  21  2:38  Queen, Roach Warren  
  21  2:40  Drone  
  23  2:47  Drone x2  
  25  3:01  Overlord  
  25  3:04  Drone  
  26  3:10  Hatchery  
  26  3:12  Drone x2  
  27  3:16  Drone  
  28  3:31  Roach  
  30  3:38  Spore Crawler  
  29  3:43  Roach  
  29  3:48  Drone  
  32  4:00  Drone x3  
  32  4:02  Queen  
  37  4:11  Drone x2  
  37  4:12  Drone  
  40  4:18  Extractor  
  39  4:31  Spore Crawler  
  39  4:33  Roach  
  39  4:34  Roach  
  39  4:37  Drone x3  
  45  4:41  Drone x2  
  45  4:43  Queen  
  49  4:47  Overlord  
  49  4:56  Drone  
  50  5:08  Drone x2  
  52  5:23  Roach x3  
  52  5:26  Drone x2  
  60  5:35  Drone  
  61  5:37  Drone x2  
  61  5:41  Metabolic Boost  
  63  5:45  Drone  
  63  5:48  Drone  
  63  5:49  Drone  
  66  5:54  Extractor  
  66  5:56  Extractor  
  64  6:00  Drone  
  65  6:07  Drone  
  66  6:17  Overlord  
  66  6:18  Overlord x4  
  66  6:23  Spore Crawler  
  65  6:33  Lair  
  65  6:38  Spore Crawler  
  64  6:42  Roach x2  
  68  6:50  Spore Crawler  
  68  6:53  Spore Crawler, Roach x2  
  68  6:54  Roach x3  
  76  7:02  Drone x3  
  79  7:09  Lair  
  79  7:11  Roach x2  
  83  7:30  Evolution Chamber  
  82  7:42  Roach x2  
  82  7:43  Roach  
  88  7:47  Drone x3  
  91  8:05  Drone x4  
  94  8:06  Spine Crawler, Drone  
  95  8:23  Lair  
  95  8:29  Roach x5  
  105  8:44  Spire  
  105  8:45  Overlord  
  104  8:49  Tunneling Claws  
  104  8:55  Drone x2  
  106  9:18  Hydralisk Den  
  105  9:26  Spore Crawler  
  105  9:28  Spine Crawler  
  103  9:36  Roach x5  
  103  9:37  Spore Crawler  
  112  9:40  Overlord x3  
  112  9:48  Grooved Spines  
  112  9:53  Pneumatized Carapace  
  112  9:58  Overlord  
  112  10:07  Glial Reconstitution  
  112  10:32  Spine Crawler  
  111  10:36  Mutalisk x3  
  111  10:37  Mutalisk  
  119  10:51  Mutalisk x4  
  127  11:00  Extractor, Drone  
  127  11:01  Drone x8  
  127  11:02  Drone x3  
  138  11:06  Extractor  
  137  11:32  Spore Crawler  
  136  11:36  Spore Crawler  
  135  11:40  Spine Crawler, Hydralisk x2  
  135  11:41  Hydralisk x4  
  74  12:15  Roach  
  74  12:16  Roach x7  
  74  12:17  Roach x7  
  74  12:22  Roach x5  
Show
View Real Time Build Order
Export as new Build Order

Ratl Protoss - Winner!

Build Orders:  

Get SALT Encoding   

  12  0:01  Probe  
  13  0:13  Probe  
  14  0:21  Pylon  
  14  0:25  Probe  
  15  0:39  Probe  
  16  0:46  Gateway  
  16  0:51  Probe (Chrono Boost)  
  16  0:53  Assimilator  
  17  1:03  Probe (Chrono Boost)  
  18  1:08  Probe (Chrono Boost)  
  19  1:18  Probe  
  20  1:27  Assimilator  
  20  1:30  Probe  
  21  1:42  Probe  
  22  1:48  Nexus  
  22  1:54  Probe (Chrono Boost)  
  23  2:10  Pylon  
  23  2:14  Cybernetics Core  
  23  2:26  Gateway  
  23  2:28  Probe  
  24  2:35  Pylon  
  24  2:40  Probe  
  25  2:51  Warp Gate, Stalker  
  27  2:52  Probe (Chrono Boost)  
  28  3:03  Probe x2 (Chrono Boost)  
  30  3:11  Probe (Chrono Boost)  
  30  3:12  Probe (Chrono Boost)  
  32  3:16  Probe (Chrono Boost), Robotics Facility  
  32  3:17  Gateway  
  32  3:19  Probe  
  34  3:27  Probe  
  34  3:32  Probe  
  36  3:36  Stalker  
  36  3:39  Probe  
  39  3:44  Probe (Chrono Boost)  
  39  3:46  Pylon  
  39  3:48  Stalker  
  42  3:51  Probe (Chrono Boost)  
  43  4:02  Probe (Chrono Boost)  
  45  4:03  Probe (Chrono Boost), Observer  
  45  4:08  Probe (Chrono Boost)  
  45  4:09  Probe (Chrono Boost)  
  48  4:22  Probe x2, Nexus  
  50  4:25  Pylon  
  50  4:27  Assimilator  
  50  4:31  Stalker  
  50  4:34  Probe x2  
  54  4:39  Immortal  
  58  4:46  Probe  
  58  4:47  Stalker  
  58  4:49  Probe  
  62  4:58  Probe, Assimilator  
  63  5:01  Probe  
  64  5:10  Probe  
  64  5:11  Gateway  
  64  5:13  Probe  
  66  5:15  Stalker x2  
  70  5:25  Pylon  
  70  5:26  Pylon  
  70  5:27  Pylon  
  70  5:30  Pylon  
  70  5:35  Probe (Chrono Boost)  
  73  5:38  Probe x2 (Chrono Boost)  
  73  5:44  Pylon  
  73  5:45  Probe (Chrono Boost)  
  73  5:48  Probe x2 (Chrono Boost)  
  76  5:50  Probe (Chrono Boost), Immortal  
  76  5:51  Stalker x2  
  85  5:58  Probe (Chrono Boost)  
  85  5:59  Probe (Chrono Boost)  
  88  6:06  Probe (Chrono Boost)  
  88  6:10  Probe (Chrono Boost)  
  88  6:11  Nexus  
  90  6:15  Probe (Chrono Boost), Pylon  
  90  6:16  Probe (Chrono Boost)  
  90  6:17  Probe (Chrono Boost)  
  90  6:18  Pylon  
  92  6:22  Probe  
  92  6:23  Assimilator  
  92  6:24  Probe  
  94  6:26  Probe, Assimilator  
  94  6:30  Immortal  
  99  6:34  Probe  
  99  6:36  Probe  
  99  6:38  Probe  
  102  6:46  Probe  
  103  6:48  Probe  
  103  6:50  Probe  
  105  6:58  Probe  
  105  6:59  Stalker x4  
  105  7:00  Probe  
  115  7:02  Probe  
  116  7:10  Gateway  
  116  7:11  Gateway x2  
  116  7:14  Twilight Council  
  116  7:18  Gateway  
  116  7:20  Gateway  
  116  7:24  Forge  
  116  7:25  Forge  
  116  7:32  Probe (Chrono Boost)  
  116  7:36  Probe (Chrono Boost)  
  120  7:37  Probe x2 (Chrono Boost)  
  120  7:40  Assimilator  
  120  7:43  Assimilator  
  120  7:47  Probe x3 (Chrono Boost)  
  120  7:48  Immortal, Stalker x2  
  120  7:49  Stalker x2  
  135  7:55  Templar Archives  
  135  7:59  Photon Cannon  
  135  8:01  Photon Cannon  
  135  8:03  Photon Cannon  
  135  8:05  Photon Cannon  
  135  8:08  Photon Cannon  
  135  8:13  Shield Battery  
  135  8:17  Photon Cannon  
  135  8:27  Immortal  
  135  8:28  Stalker x3  
  135  8:29  Stalker x5  
  155  8:44  Pylon  
  155  8:45  Pylon  
  155  8:46  Pylon  
  155  8:48  Pylon x2, Forge  
  155  8:51  Pylon x2  
  155  8:54  Pylon  
  155  8:57  Protoss Ground Weapons Level 1 (Chrono Boost), Protoss Ground Armor Level 1 (Chrono Boost)  
  155  9:06  Immortal  
  155  9:09  Robotics Facility  
  159  9:10  Robotics Facility  
  159  9:22  Protoss Shields Level 1 (Chrono Boost)  
  159  9:27  Nexus  
  159  9:28  Pylon  
  159  9:31  Pylon  
  159  9:36  Immortal  
  163  10:01  Immortal x2 (Chrono Boost)  
  163  10:04  High Templar x7  
  163  10:05  High Templar x2  
  189  10:08  Archon x3  
  189  10:09  Archon  
  189  10:16  Immortal (Chrono Boost)  
  189  10:20  Gateway x2  
  193  10:24  Gateway  
  193  10:26  Gateway  
  193  10:27  Gateway  
  193  10:30  Gateway x2  
  193  10:31  Gateway  
  193  10:43  Immortal (Chrono Boost)  
  180  12:09  Observer x2  
  180  12:15  Stalker x6  
  188  12:16  Stalker x5  
  198  12:28  Pylon  
  192  12:32  Pylon x2  
  192  12:37  Pylon  
  192  12:38  Gateway  
  192  12:39  Gateway  
  192  12:40  Pylon  
  192  12:43  Gateway x2  
  192  12:46  Gateway x2  
  192  12:48  Gateway  
  192  12:49  Gateway  
Tags
 
League
Silver
Matchup
PvZ
Spawn Locations
Cross Positions
Add a new tag
Caveats
  • Supply blocks, unpowered buildings, or Contaminate may cause inaccurate times.
  • Supply counts are checked every 10 seconds.